 Dungeon Crawl Stone Soup version 0.29-a0-284-gf9362112df (webtiles) character file.

Game seed: 4016813606834841187

942 sammy202020 the Skirmisher (level 7, -2/85 HPs)
             Began as a Demonspawn Berserker on Mar 21, 2022.
             Was a Priest of Trog.
             Slain by Grinder (3 damage)
             ... on level 5 of the Dungeon.
             The game lasted 00:09:42 (4686 turns).

sammy202020 the Skirmisher (Demonspawn Berserker)   Turns: 4686, Time: 00:09:42

Health: -2/85      AC: 13    Str: 23    XL:     7   Next: 88%
Magic:  7/7        EV:  9    Int: 11    God:    Trog [***...]
Gold:   266        SH:  0    Dex: 12    Spells: 6/6 levels left

rFire   . . .      SeeInvis .   n - +0 morningstar
rCold   . . .      Faith    .   (no shield)
rNeg    . . .      Spirit   .   h - +0 chain mail
rPois   .          Reflect  .   A - +0 helmet
rElec   .          Harm     .   (no cloak)
rCorr   .          Rampage  .   j - +0 pair of gloves
Will    .....                   q - +0 pair of boots
Stlth   ..........              (no amulet)
HPRegen 0.24/turn               k - +6 ring of strength
MPRegen 0.10/turn               (no ring)

@: berserking, very quick
A: demonic guardian 2, condensation shield
a: Renounce Religion, Berserk, Trog's Hand


You were on level 5 of the Dungeon.
You worshipped Trog.
Trog was most pleased with you.
You visited 1 branch of the dungeon, and saw 5 of its levels.

You collected 266 gold pieces.

Inventory:

Hand Weapons
 a - a +0 mace
 n - a +0 morningstar (weapon)
 D - a +2 mace of protection
Missiles
 d - 12 poisoned darts
 p - 2 javelins (quivered)
 r - 3 boomerangs
 B - a throwing net
Armour
 g - a +0 ring mail
 h - a +0 chain mail (worn)
 j - a +0 pair of gloves (worn)
 q - a +0 pair of boots (worn)
 u - a scarf of shadows
 A - a +0 helmet (worn)
Jewellery
 k - a +6 ring of strength (left hand)
Wands
 l - a wand of acid (6)
Scrolls
 c - 2 scrolls of teleportation {unknown}
 e - 5 scrolls of identify {unknown}
 o - a scroll of blinking {unknown}
 t - a scroll of magic mapping {unknown}
 v - a scroll of enchant armour {unknown}
 x - a scroll of immolation {unknown}
 y - a scroll of summoning {unknown}
 z - a scroll of fear {unknown}
Potions
 b - 3 potions of resistance {unknown}
 f - a potion of degeneration {unknown}
 i - a potion of lignification {unknown}
 m - a potion of curing {unknown}
 s - a potion of brilliance {unknown}
 w - 2 potions of haste {unknown}
 C - a potion of might {unknown}


   Skills:
 * Level 5.7 Fighting
 * Level 5.0 Maces & Flails
 * Level 4.6 Armour
 + Level 3.6 Dodging


You had 6 spell levels left.
You didn't know any spells.
Your spell library was empty.

Dungeon Overview and Level Annotations

Branches:
Dungeon (5/15)
 Temple: D:4-7

Altars:

Annotations:
D:5 Grinder


Innate Abilities, Weirdness & Mutations

A demonic guardian rushes to your aid.
A meltable shield of frost defends you. (SH +0)


Message History

Blork the orc casts a cantrip, but nothing happens.
You sock Blork the orc!
Blork the orc is heavily wounded.
Blork the orc gestures at you while chanting.
The puff of flame hits you.
You hit Blork the orc.
Blork the orc is severely wounded.
Blork the orc hits you but does no damage.
Space warps horribly around you!!
* * * LOW HITPOINT WARNING * * *
A demonic guardian appears!
The worm bites you.
* * * LOW HITPOINT WARNING * * *
Blork the orc hits you but does no damage.
Space warps around you.
* * * LOW HITPOINT WARNING * * *
A red film seems to cover your vision as you go berserk!
You feel yourself moving faster!
You feel mighty! Blork the orc closely misses you.
Your orange demon stings Blork the orc!
Blork the orc dies!
Trog accepts your kill.
Trog appreciates your killing of a magic user.
Your Maces & Flails skill increases to level 5!
You impale the worm!!
The worm is almost dead.
The worm bites you.
* * * LOW HITPOINT WARNING * * *
You bludgeon the worm!!
You kill the worm!
Trog accepts your kill.
Unknown command.
You swap places.
You feel a strong urge to attack something.
Things that are here:
a +0 mace of distortion; a +0 robe; the orc corpse of Blork the orc You puncture Grinder!
Grinder is moderately wounded.
Grinder hits you.
* * * LOW HITPOINT WARNING * * *
You writhe in agony.
You die...

.. #.# .... ####
#....
####.........
##.....#.#...
##......5#....
####.....#@#.#...
..........4.#....
.......#.#.#.#.#.
#..<...........
##...........#
##..........#
##.#.#####.#
##....#####.#
#.........#.#


You could see Grinder (ally target) and a friendly orange demon (summoned).

Vanquished Creatures
  2 black bears (D:5)
  An ogre (D:5)
  A necrophage (D:5)
  A scorpion (D:5)
  A howler monkey (D:4)
  2 hounds (D:5)
  A gnoll shaman (D:5)
  A jelly (D:5)
  3 iguanas (D:5)
  2 orc wizards (D:4)
  Terence (D:3)
  2 adders
  3 gnolls (D:5)
  5 worms
  4 dart slugs
  7 orcs
  6 ball pythons
  8 bats
  5 endoplasms
  4 giant cockroaches
  2 goblins (D:1)
  6 hobgoblins
  12 jackals
  2 quokkas
  11 frilled lizards
  7 kobolds
  3 rats
103 creatures vanquished.

Vanquished Creatures (collateral kills)
  Blork the orc (D:5)
  2 adders
  A worm (D:2)
  An orc (D:4)
  2 endoplasms
7 creatures vanquished.

Grand Total: 110 creatures vanquished

Notes
Turn   | Place    | Note
-------+----------+-------------------------------------------
     0 | D:1      | sammy202020 the Demonspawn Berserker began the quest for
                  | the Orb.
     0 | D:1      | Reached XP level 1. HP: 18/18 MP: 1/1
   178 | D:1      | You fall into a shaft and drop 1 floor!
   218 | D:1      | Gained mutation: A meltable shield of frost defends you.
                  | (SH +0) [demonic ancestry]
   218 | D:1      | Reached XP level 2. HP: 21/24 MP: 2/2
   998 | D:1      | Found a faded altar of an unknown god.
  1000 | D:1      | Gained mutation: A weak demonic guardian rushes to your
                  | aid. [demonic ancestry]
  1000 | D:1      | Reached XP level 3. HP: 29/29 MP: 3/3
  1170 | D:1      | Reached ** piety under Trog
  2156 | D:3      | Reached XP level 4. HP: 32/37 MP: 4/4
  2843 | D:3      | Noticed Terence
  2849 | D:3      | Killed Terence
  3009 | D:4      | Reached XP level 5. HP: 42/42 MP: 5/5
  3022 | D:4      | Reached *** piety under Trog
  3697 | D:5      | Entered Level 5 of the Dungeon
  3708 | D:5      | Reached XP level 6. HP: 25/49 MP: 6/6
  4381 | D:5      | Reached skill level 5 in Fighting
  4381 | D:5      | Gained mutation: A demonic guardian rushes to your aid.
                  | [demonic ancestry]
  4381 | D:5      | Reached XP level 7. HP: 35/56 MP: 7/7
  4671 | D:5      | Noticed Blork the orc
  4676 | D:5      | Noticed Grinder
  4681 | D:5      | Killed Blork the orc
  4682 | D:5      | Reached skill level 5 in Maces & Flails
  4682 | D:5      | HP: 2/85 [worm (6)]
  4686 | D:5      | Slain by Grinder

Illustrated notes

Levels and vault maps discovered:
D:1:      wander_arrival_abandoned_jail, layout_loops_ring,
          hellmonk_ecumenical_altar_dog_temple, grunt_decor_clamped,
          minmay_lizard_pond
D:2:      layout_rooms
D:3:      minmay_skewed_foursquare, layout_loops_ring, serial_rivers,
          chequers_serial_rivers_room_b, chequers_serial_rivers_micro_c,
          chequers_serial_rivers_micro_e, chequers_serial_rivers_large_b,
          uniq_terence
D:4:      layout_rooms, nicolae_wormholes
D:5:      layout_loops_ring, hangedman_decor_riveting, kennysheep_dice,
          uniq_grinder, uniq_blork_the_orc

Skill      XL: |  1  2  3  4  5  6  7 |
---------------+----------------------+-----
Armour         | 2 3 4 |  4.6
Dodging        | 2 3 |  3.6
Maces & Flails | 3 4 5 |  5.0
Fighting       | 4 5 |  5.7

Action                   |  1- 3 |  4- 6 |  7- 9 || total
-------------------------+-------+-------+-------++-------
Melee: Mace              |   150 |     5 |       ||   155
       Punch             |     2 |       |       ||     2
       Morningstar       |       |   147 |    48 ||   195
Invok: Berserk           |       |     2 |     1 ||     3
       Trog's Hand       |       |     1 |       ||     1
Armor: Animal skin       |    11 |       |       ||    11
       Ring mail         |    26 |       |       ||    26
       Chain mail        |    17 |    90 |    35 ||   142
Dodge: Dodged            |   108 |    91 |    30 ||   229
Block: Other             |    28 |    30 |    11 ||    69

Table legend: (Time is in decaauts)
 A = Elapsed time spent in this place.
 B = Non-inter-level travel time spent in this place.
 C = Inter-level travel time spent in this place.
 D = Time resting spent in this place.
 E = Time spent auto-exploring this place.
 F = Levels seen in this place.
 G = Mean time per level.
                   A        B        C        D        E       F      G
               +--------+--------+--------+--------+--------+-----+--------+
         Total |   4849 |   4849 |      0 |    281 |   3412 |   5 |  969.8 |
       Dungeon |   4849 |   4849 |      0 |    281 |   3412 |   5 |  969.8 |
               +--------+--------+--------+--------+--------+-----+--------+

Top non-repeatable levels by time:
     D:1: 1504 daAuts
     D:3: 1019 daAuts
     D:5: 1017 daAuts
     D:4: 733 daAuts
     D:2: 574 daAuts
